Map: Zen LE

Players

Fizooha - Winner!

  • Race: Terran Terran
  • League: Gold
  • Spawn Location: 1:00

Rodnoy

  • Race: Protoss Protoss
  • League: Gold
  • Spawn Location: 7:00

VOD

Have the link to the VOD?

Description

Time

  • Played on: June 2, 2020, 12:29 p.m.
  • Length: 15:47
Show
View Real Time Build Order
Export as new Build Order

Fizooha Terran - Winner!

Build Orders:  

Get SALT Encoding   

  12  0:01  SCV  
  13  0:13  SCV  
  14  0:18  Supply Depot  
  14  0:25  SCV  
  15  0:40  SCV  
  16  0:44  Barracks  
  16  0:50  Refinery  
  16  0:52  SCV  
  17  1:06  SCV  
  18  1:18  SCV  
  19  1:34  Reaper  
  19  1:39  SCV  
  21  1:43  Command Center  
  21  1:56  Orbital Command  
  21  2:05  Bunker  
  21  2:19  Barracks Reactor  
  21  2:22  Barracks  
  21  2:29  Factory  
  21  2:35  SCV  
  22  2:38  Supply Depot  
  21  2:51  Refinery  
  21  2:52  SCV  
  21  2:55  Marine x2  
  24  2:58  SCV  
  25  3:12  Factory Tech Lab  
  25  3:13  Barracks  
  25  3:15  Barracks Tech Lab, Marine  
  25  3:17  Marine  
  27  3:22  SCV  
  28  3:29  Orbital Command  
  28  3:37  Siege Tank  
  31  3:41  Marine  
  31  3:45  SCV  
  31  3:47  Marine  
  31  3:48  Marine  
  35  4:08  Marine x3  
  35  4:09  SCV x2  
  40  4:22  SCV x2  
  42  4:24  Stimpack  
  42  4:25  Barracks Reactor  
  42  4:26  Marine  
  42  4:27  Siege Tank  
  46  4:35  Starport  
  46  4:45  SCV x2  
  46  5:00  Siege Tank  
  45  5:20  Marine x2  
  46  5:29  Supply Depot x2  
  46  5:31  Marine  
  46  5:32  SCV x2  
  49  5:36  Refinery  
  49  5:46  SCV  
  49  5:47  SCV  
  49  5:49  Starport Reactor  
  51  5:56  Engineering Bay x2  
  51  5:59  SCV x2  
  51  6:04  Combat Shield, Siege Tank  
  56  6:13  Starport  
  56  6:22  Missile Turret  
  56  6:27  Missile Turret  
  56  6:30  Refinery, SCV x2  
  58  6:47  Siege Tank  
  58  6:48  Medivac x2  
  58  6:50  Starport Tech Lab  
  65  7:09  Missile Turret  
  65  7:10  Supply Depot  
  65  7:12  Supply Depot  
  65  7:15  Marine, Armory  
  65  7:16  Marine x2  
  65  7:18  Marine x2  
  70  7:31  Raven  
  70  7:32  Medivac  
  70  7:33  Marine  
  70  7:35  Supply Depot  
  70  7:36  Supply Depot  
  75  7:41  Missile Turret  
  75  7:43  Marine x3  
  78  7:45  Concussive Shells  
  78  7:48  Siege Tank  
  81  8:13  Terran Ship Weapons Level 1  
  81  8:18  Viking x3  
  87  8:37  Marine x3  
  87  8:38  Marauder  
  92  8:48  Raven  
  92  8:49  Hi-Sec Auto Tracking  
  94  8:55  Supply Depot  
  94  8:57  Supply Depot, Missile Turret  
  94  9:01  Missile Turret  
  94  9:06  Missile Turret  
  93  9:40  Viking x3  
  99  9:49  Missile Turret  
  99  9:53  Thor  
  105  10:01  Supply Depot  
  105  10:03  Terran Infantry Weapons Level 1, Terran Infantry Armor Level 1  
  105  10:11  SCV x2  
  107  10:23  SCV  
  107  10:24  Marine x3  
  107  10:25  Marine  
  107  10:26  Marauder  
  114  10:29  Terran Ship Weapons Level 2  
  114  10:32  Viking  
  114  10:35  SCV  
  117  10:54  Command Center  
  117  10:57  Missile Turret  
  117  11:14  Missile Turret  
  117  11:17  Viking  
  117  11:18  Viking  
  121  11:34  Missile Turret  
  121  11:50  Refinery  
  121  11:55  Armory  
  121  11:56  Missile Turret  
  121  11:57  Refinery, Neosteel Armor  
  121  12:01  Terran Infantry Weapons Level 2  
  121  12:03  Marine x4  
  121  12:05  Marauder  
  127  12:09  Supply Depot  
  127  12:12  Supply Depot  
  127  12:18  Missile Turret  
  127  12:19  Thor  
  133  12:26  SCV  
  133  12:27  SCV  
  135  12:38  SCV  
  136  12:48  Viking x2  
  136  12:49  Viking  
  142  12:52  Marine x3  
  145  13:06  Factory  
  145  13:09  SCV x2  
  145  13:11  Missile Turret  
  147  13:28  Terran Vehicle And Ship Armor Level 1  
  147  13:31  Missile Turret  
  147  13:53  Marine x3  
  147  13:54  Marine x2  
  152  14:03  Siege Tank  
  155  14:11  Marine x4  
  155  14:12  Marine  
  160  14:17  Factory Tech Lab  
  160  14:21  Medivac x2  
  164  14:25  SCV  
  164  14:30  Supply Depot  
  165  14:51  Marine x4, SCV  
  170  14:57  Thor  
Show
View Real Time Build Order
Export as new Build Order

Rodnoy Protoss 

Build Orders:  

Get SALT Encoding   

  12  0:01  Probe  
  13  0:13  Probe  
  14  0:17  Pylon  
  14  0:25  Probe  
  15  0:37  Probe  
  15  0:39  Gateway  
  16  0:47  Assimilator  
  16  0:49  Probe  
  17  1:01  Probe  
  17  1:04  Assimilator  
  18  1:12  Gateway  
  18  1:13  Probe  
  19  1:29  Cybernetics Core  
  19  1:30  Probe  
  20  1:37  Pylon  
  20  1:50  Probe  
  21  2:00  Zealot  
  23  2:02  Probe  
  23  2:05  Warp Gate  
  24  2:09  Stalker  
  24  2:15  Probe  
  27  2:27  Probe  
  28  2:41  Nexus  
  28  2:48  Pylon  
  28  2:49  Probe  
  29  2:52  Stalker  
  31  3:18  Pylon  
  31  3:19  Stalker  
  33  3:20  Probe  
  34  3:34  Stalker  
  36  3:36  Robotics Facility  
  36  3:44  Pylon  
  36  3:53  Probe  
  36  3:55  Probe  
  38  4:13  Stalker  
  38  4:14  Stalker  
  42  4:21  Probe x2  
  44  4:26  Observer  
  44  4:31  Pylon  
  45  4:34  Assimilator, Probe x2  
  35  5:26  Pylon, Probe x2  
  37  5:29  Warp Prism  
  39  5:38  Probe  
  40  5:49  Robotics Bay  
  40  5:52  Pylon, Probe x2  
  40  5:56  Assimilator  
  42  6:09  Stalker x2  
  46  6:28  Stargate  
  46  6:40  Gateway  
  46  6:42  Gateway  
  46  6:44  Probe x2  
  48  7:14  Probe x2  
  50  7:19  Stargate  
  50  7:21  Stargate  
  50  7:31  Nexus  
  50  7:32  Pylon  
  50  7:34  Pylon, Forge  
  50  7:39  Probe x2  
  52  7:51  Probe x2  
  52  7:53  Stalker  
  52  7:54  Stalker  
  52  7:56  Stalker x2  
  62  8:12  Protoss Shields Level 1  
  62  8:18  Photon Cannon  
  62  8:28  Photon Cannon  
  61  8:34  Stalker x2  
  61  8:35  Stalker x2  
  69  8:50  Photon Cannon  
  69  8:51  Probe  
  69  8:52  Probe x2, Photon Cannon x2  
  69  8:54  Photon Cannon  
  72  8:56  Pylon  
  72  9:36  Void Ray  
  72  9:37  Void Ray  
  80  9:54  Photon Cannon  
  80  9:55  Probe x2  
  80  9:57  Pylon, Assimilator  
  82  10:00  Assimilator  
  82  10:10  Photon Cannon  
  82  10:13  Photon Cannon  
  82  10:20  Pylon  
  82  10:21  Photon Cannon  
  82  10:25  Photon Cannon  
  82  10:31  Protoss Ground Weapons Level 1 (Chrono Boost), Extended Thermal Lance  
  82  10:34  Stalker, Zealot  
  82  10:35  Zealot x2  
  90  10:39  Probe x2  
  90  10:40  Probe  
  93  10:51  Warp Prism  
  95  11:01  Void Ray x2  
  103  11:13  Protoss Air Armor Level 1  
  103  11:19  Pylon  
  103  11:37  Forge  
  103  11:40  Photon Cannon  
  103  11:50  Void Ray x2  
  103  11:53  Observer  
  112  12:04  Nexus  
  112  12:05  Pylon  
  112  12:07  Pylon  
  112  12:09  Protoss Ground Armor Level 1 (Chrono Boost)  
  112  12:19  Twilight Council  
  112  12:25  Fleet Beacon  
  112  12:28  Photon Cannon  
  112  12:42  Observer  
  113  12:47  Pylon  
  113  12:59  Protoss Shields Level 2 (Chrono Boost)  
  113  13:20  Stargate  
  113  13:21  Stargate  
  112  13:28  Pylon  
  112  13:32  Observer  
  113  13:45  Pylon  
  113  13:48  Probe x3  
  114  13:49  Probe  
  117  14:00  Assimilator x2  
  117  14:02  Photon Cannon  
  117  14:03  Photon Cannon  
  108  14:55  Stalker x2  
  108  14:56  Stalker x2  
Tags
 
League
GoldGold
Matchup
PvT
Spawn Locations
Cross Positions
Add a new tag
Caveats
  • Supply blocks, unpowered buildings, or Contaminate may cause inaccurate times.
  • Supply counts are checked every 10 seconds.